 Dungeon Crawl Stone Soup version 0.29.0-4-gdea44cf6ec (webtiles) character file.

Game seed: 14190451633017668348

39 qw the Chopper (level 3, 0/21 HPs)
             Began as a Tengu Warper on Aug 28, 2022.
             Succumbed to their own poison gas
             ... on level 1 of the Dungeon.
             The game lasted 00:00:06 (1086 turns).

qw the Chopper (Tengu Warper)                       Turns: 1086, Time: 00:00:06

Health: 0/21       AC:  6    Str: 13    XL:     3   Next: 45%
Magic:  7/7        EV:  9    Int: 13    God:
Gold:   35         SH:  0    Dex: 13    Spells: 6/6 levels left

rFire   . . .      SeeInvis .   Y - +0 hand axe
rCold   . . .      Faith    .   (no shield)
rNeg    . . .      Spirit   .   d - +0 scale mail
rPois   .          Reflect  .   (helmet restricted)
rElec   .          Harm     .   (no cloak)
rCorr   .          Rampage  .   (no gloves)
Will    .....                   (boots unavailable)
Stlth   ..........              (no amulet)
HPRegen 0.07/turn               (no ring)
MPRegen 0.10/turn               (no ring)

@: lethally poisoned (0 -> -3)
A: beak, talons 3
a: no special abilities


You were on level 1 of the Dungeon.
You visited 1 branch of the dungeon, and saw 1 of its levels.

You collected 35 gold pieces.


Innate Abilities, Weirdness & Mutations

You have a beak for a mouth.
You have claws for feet.


   Skills:
 - Level 2.0 Fighting
 + Level 4.1 Axes
 - Level 1.0 Throwing
 - Level 1.1 Armour
 - Level 2.1 Dodging
 - Level 2.0 Spellcasting
 - Level 2.4 Translocations


You had 6 spell levels left.
You didn't know any spells.
Your spell library contained the following spells:

 Spells                   Type           Power      Damage    Failure   Level
 Blink                    Tloc           14%        N/A       56%         2
 Gell's Gravitas          Tloc           7%         N/A       80%         3
 Lesser Beckoning         Tloc           7%         N/A       80%         3
 Teleport Other           Tloc           7%         N/A       80%         3
 Manifold Assault         Tloc           7%         N/A       100%        5

Inventory:

Hand Weapons
 g - a +0 mace
 Y - a +0 hand axe (weapon)
Armour
 d - a +0 scale mail (worn)

Dungeon Overview and Level Annotations

Branches:
Dungeon (1/15)

Altars:

Shops:
D:1 [


Message History

Done exploring.
1075 ||| READING scroll labelled KULUT XUYCLEKH.
As you read the scroll labelled KULUT XUYCLEKH, it crumbles to dust.
It is a scroll of enchant armour.
Really abort (and waste the scroll)?
Done exploring.
1076 ||| READING scroll labelled RITAUTRY WAIL.
As you read the scroll labelled RITAUTRY WAIL, it crumbles to dust.
The air around you briefly surges with heat, but it dissipates.
It was a scroll of immolation.
Done exploring.
1077 ||| DROPPING scroll of blinking.
You drop a scroll of blinking.
Done exploring.
(D) Dungeon
Where to? (* - list waypoints, ? - help)
What level of the Dungeon? (default 1, ? - help) Sorry, I don't know how to get there.
Done exploring.
1078 ||| Stepping randomly (stuck).
Really walk into that cloud of poison gas?
You are engulfed in poison gas.
You are poisoned.
You feel very sick.
1079 ||| Stepping ~*~*~tactically~*~*~ (cloud).
You feel very sick.
Things that are here:
a scroll of blinking; a ring of flight; a +0 leather armour
There is a lethal amount of poison in your body!
You feel very sick.
There is a lethal amount of poison in your body!
You feel sick.
There is a lethal amount of poison in your body!
You feel sick.
There is a lethal amount of poison in your body!
You feel sick.
There is a lethal amount of poison in your body!
You feel sick.
There is a lethal amount of poison in your body!
You feel sick.
There is a lethal amount of poison in your body!
You die...

### ### #.# #.#
######.#####0#######
..........00...¤@0¤#
######..)..00#######
######..###### ###
....##..#...################# #..
....##..#...##.....##.......###..
............##.....##............
#####........+.....#.............
##......#.#..#.....#.....###.....
........#....###....%....###.....


There were no monsters in sight!

Vanquished Creatures
  3 dart slugs (D:1)
  3 endoplasms (D:1)
  2 giant cockroaches (D:1)
  4 goblins (D:1)
  6 jackals (D:1)
  3 kobolds (D:1)
  A quokka (D:1)
  3 bats (D:1)
  4 frilled lizards (D:1)
29 creatures vanquished.

Notes
Turn   | Place    | Note
-------+----------+-------------------------------------------
     0 | D:1      | qw the Tengu Warper began the quest for the Orb.
     0 | D:1      | Reached XP level 1. HP: 12/12 MP: 4/4
     0 | D:1      | 0 ||| qw: Version: 0.1-a-89-g26bdef1
     0 | D:1      | 0 ||| qw: Game counter: 977
     0 | D:1      | 0 ||| qw: Always use a shield: true
     0 | D:1      | 0 ||| qw: God list: Okawaru
     0 | D:1      | 0 ||| qw: Allow faded altars: false
     0 | D:1      | 0 ||| qw: Do Orc after D:15 true
     0 | D:1      | 0 ||| qw: Do second Lair branch before Depths: true
     0 | D:1      | 0 ||| qw: Lair rune preference: random
     0 | D:1      | 0 ||| qw: Plans: Normal
     0 | D:1      | 0 ||| PLANNING D:1-11
    34 | D:1      | Reached skill level 3 in Axes
    34 | D:1      | Reached XP level 2. HP: 14/17 MP: 6/6
    91 | D:1      | Found Teunedgh's Antique Armour Shoppe.
   100 | D:1      | 100 ||| SHOPLISTING chain mail (76 gold, have 0).
   100 | D:1      | 100 ||| SHOPLISTING pair of scorched gloves (161 gold, have
                  | 0).
   100 | D:1      | 100 ||| SHOPLISTING ring mail (68 gold, have 0).
   100 | D:1      | 100 ||| SHOPLISTING runed ring mail (119 gold, have 0).
   111 | D:1      | Found a faded altar of an unknown god.
   204 | D:1      | 204 ||| DROPPING +0 club.
   490 | D:1      | Reached XP level 3. HP: 19/21 MP: 7/7
   631 | D:1      | Reached skill level 4 in Axes
  1062 | D:1      | 1062 ||| UPGRADING to +0 scale mail.
  1072 | D:1      | 1072 ||| DROPPING +0 leather armour.
  1073 | D:1      | 1073 ||| DROPPING ring of flight.
  1074 | D:1      | 1074 ||| READING scroll labelled CICVIYLIUZU.
  1075 | D:1      | 1075 ||| READING scroll labelled KULUT XUYCLEKH.
  1076 | D:1      | 1076 ||| READING scroll labelled RITAUTRY WAIL.
  1077 | D:1      | 1077 ||| DROPPING scroll of blinking.
  1078 | D:1      | 1078 ||| Stepping randomly (stuck).
  1079 | D:1      | 1079 ||| Stepping ~*~*~tactically~*~*~ (cloud).
  1082 | D:1      | HP: 4/21 [poisoned by you (poison gas)]
  1085 | D:1      | HP: 1/21 [poisoned by you (poison gas)]
  1086 | D:1      | Succumbed to their own poison gas

Levels and vault maps discovered:
D:1:      noname_arrival_rooms_in_the_neighbourhood, layout_basic,
          shapermc_ecumenical_altar_petra, serial_shops, shop

Skill      XL: |  1  2  3 |
---------------+----------+-----
Axes           | 3 4 |  4.1
Fighting       | |  2.0
Throwing       | |  1.0
Armour         | |  1.1
Dodging        | |  2.1
Spellcasting   | |  2.0
Translocations | |  2.4

Action                   || total
-------------------------++-------
Melee: Hand axe          ||    67
       Peck              ||    14
       Kick              ||    14
Throw: Boomerang         ||     7
  Use: Scroll            ||     3
Armor: Leather armour    ||    14
Dodge: Dodged            ||    46

Table legend:
 A = Non-vault XP
 B = Vault XP
 C = Vault XP percentage of total XP
 D = Non-vault monster count
 E = Vault monster count
 F = Vault count percentage of total count
                 A         B        C        D         E       F
            +---------+---------+-------+---------+---------+-------
      Total |      56 |       0 |   0.0 |      29 |       0 |   0.0
            +---------+---------+-------+---------+---------+-------
        D:1 |      56 |       0 |   0.0 |      29 |       0 |   0.0
            +---------+---------+-------+---------+---------+-------
